 Dungeon Crawl Stone Soup version 0.31.0-12-g77e489cdc1 (console) character file.

Game seed: 12731486491407532788

25 AlterAsc the Chopper (level 3, 24/26 HPs)
             Began as an Octopode Fighter on Mar 3, 2024.
             Quit the game on level 1 of the Dungeon.
             The game lasted 00:00:57 (404 turns).

AlterAsc the Chopper (Octopode Fighter)              Turns: 404, Time: 00:00:58

Health: 24/26      AC:  1    Str: 17    XL:     3   Next: 4%
Magic:  3/3        EV: 13    Int: 10    God:
Gold:   83         SH:  4    Dex: 11    Spells: 2/2 levels left

rFire   . . .        a - +0 war axe
rCold   . . .        b - +0 buckler
rNeg    . . .        (helmet restricted)
rPois   .            (no amulet)
rElec   .            (no ring)
rCorr   .            (no ring)
SInv    .            (no ring)
Will    .....        (no ring)
Stlth   ++           (no ring)
HPRegen 0.24/turn    (no ring)
MPRegen 0.08/turn    (no ring)
                     (no ring)

%: no passive effects
@: no status effects
A: almost no armour, amphibious, 8 rings, camouflage 1, gelatinous body 1,
(nimble swimmer 1), tentacles
a: no special abilities


You were on level 1 of the Dungeon.
You visited 1 branch of the dungeon, and saw 1 of its levels.

You collected 83 gold pieces.

Inventory:

Hand Weapons
 a - a +0 war axe (weapon)
Missiles
 g - 6 poisoned darts (quivered)
Armour
 b - a +0 buckler (worn)
Scrolls
 d - a scroll of blinking {unknown}
Potions
 c - a potion of might
 e - a potion of resistance {unknown}
 f - a potion of invisibility {unknown}


   Skills:
 - Level 3.0 Fighting
 + Level 3.4 Axes
 - Level 3.0 Dodging
 - Level 3.0 Shields


You had 2 spell levels left.
You didn't know any spells.
Your spell library was empty.

Dungeon Overview and Level Annotations

Branches:
Dungeon (1/15)

Altars:


Innate Abilities, Weirdness & Mutations

You cannot wear most types of armour.
You are amphibious.
You can wear up to eight rings at the same time.
Your skin changes colour to match your surroundings (Stealth+).
Your rubbery body absorbs attacks. (AC +1, EV +1)
((You are camouflaged when in or above water. (Stealth+)))
You have tentacles for arms and can constrict up to eight enemies at once.


Message History

The frilled lizard hisses.
You block the frilled lizard's attack.
You barely miss the frilled lizard. You grab the frilled lizard.
You miss the frilled lizard. You constrict the frilled lizard.
You kill the frilled lizard!
The frilled lizard misses you.
An endoplasm comes into view.
The frilled lizard barely misses you. x2
You barely miss the frilled lizard.
The endoplasm quivers.
Your grab misses the frilled lizard. You hit the frilled lizard.
You kill the frilled lizard!
The frilled lizard bites you.
You hit the frilled lizard. Your grab misses the frilled lizard.
Your squeeze misses the frilled lizard.
The frilled lizard is severely wounded.
You miss the frilled lizard. The frilled lizard misses you.
You block the frilled lizard's attack.
You hit the frilled lizard.
You kill the frilled lizard!
You barely miss the frilled lizard.
The frilled lizard closely misses you. x2; You block the frilled lizard's attack.
You barely miss the frilled lizard. Your grab misses the frilled lizard.
You barely miss the frilled lizard. The frilled lizard barely misses you.
You block the frilled lizard's attack.
You miss the frilled lizard. You grab the frilled lizard.
You barely miss the frilled lizard. You constrict the frilled lizard.
You kill the frilled lizard!
The frilled lizard hisses.
The frilled lizard closely misses you. The frilled lizard barely misses you.
The frilled lizard closely misses you.
You closely miss the frilled lizard. You grab the frilled lizard.
You miss the frilled lizard. You constrict the frilled lizard.
You kill the frilled lizard!
The frilled lizard misses you. The endoplasm misses you.
You slash the endoplasm!
You kill the endoplasm!
You hit the frilled lizard.
You kill the frilled lizard!
You block the frilled lizard's attack.
You have reached level 3!
Your experience leads to an increase in your attributes!
Increase (S)trength, (I)ntelligence, or (D)exterity?
You feel stronger. x2
Are you sure you want to abandon this character and quit the game? (Confirm with "yes".)

#########..♣♣♣..#
..........♣# #♣.###
########..♣ ♣...# #..♣#
#♣.#.# #...♣♣♣..#.######
#...............#
#.#..##.........# ~
#.#.###.........# ~~~
#.#.# #.........#
~~~~l#l#.###.........###
~~~~l.l@...'........†'..
~~~.l###.###.........##.
≈.≈.## ... ...#
#########.# ≈.≈..##
#....##### #.##. ≈..≈§.#
...... #....
≈..§≈§###....
##############.###
≈..§≈......##
#..............#
....≈.≈≈....#
#..............#
..≈§≈...≈...#
#..............#
.§.<§....≈..#
#..............#
.≈..§...§...#
#................


You could see 5 frilled lizards.

Vanquished Creatures
  3 endoplasms (D:1)
  2 giant cockroaches (D:1)
  2 goblins (D:1)
  5 hobgoblins (D:1)
  2 ball pythons (D:1)
  8 frilled lizards (D:1)
  A kobold (D:1)
  A rat (D:1)
24 creatures vanquished.

Notes
Turn   | Place    | Note
-------+----------+-------------------------------------------
     0 | D:1      | AlterAsc the Octopode Fighter began the quest for the Orb.
     0 | D:1      | Reached XP level 1. HP: 16/16 MP: 1/1
    49 | D:1      | Reached XP level 2. HP: 21/21 MP: 2/2
   404 | D:1      | Reached XP level 3. HP: 24/26 MP: 3/3
   404 | D:1      | Quit the game

Illustrated notes

Levels and vault maps discovered:
D:1:      ebering_trefoil_3fold, layout_basic, minmay_stone_trees_small,
          minmay_lizard_pond

Skill      XL: |  1  2 |
---------------+-------+-----
Axes           | 3 |  3.4
Fighting       | |  3.0
Dodging        | |  3.0
Shields        | |  3.0

Action                     || total
---------------------------++-------
  Melee: War axe           ||    37
         Constrict         ||    10
         Tentacles         ||     3
   Stab: Sleeping          ||     1
 Armour: Skin              ||    12
  Dodge: Dodged            ||    36
  Block: Buckler           ||    11
